 Dungeon Crawl Stone Soup version 0.30-a0-739-gea05faddec (webtiles) character file.

Game seed: 86793970300192927

50 KleinerIrrer the Insei (level 3, -1/24 HPs)
             Began as an Octopode Gladiator on Feb 4, 2023.
             Slain by a goblin
             ... wielding a +0 dagger
             ... led by Robin
              (3 damage)
             ... on level 1 of the Dungeon.
             The game lasted 00:01:23 (1284 turns).

KleinerIrrer the Insei (Octopode Gladiator)         Turns: 1284, Time: 00:01:24

Health: -1/24      AC:  1    Str: 13    XL:     3   Next: 79%
Magic:  3/3        EV: 13    Int: 12    God:
Gold:   76         SH:  0    Dex: 13    Spells: 2/2 levels left

rFire   . . .      SeeInvis .      - Unarmed
rCold   . . .      Faith    .    (no shield)
rNeg    . . .      Spirit   .    a - +0 hat
rPois   .          Reflect  .    j - amulet of magic regeneration
rElec   .          Harm     .    (no ring)
rCorr   .          Rampage  .    (no ring)
Will    .....                    (no ring)
Stlth   ++                       (no ring)
HPRegen 0.24/turn                (no ring)
MPRegen 0.48/turn                (no ring)
                                 (no ring)
                                 (no ring)

@: no status effects
A: almost no armour, amphibious, 8 rings, camouflage 1, gelatinous body 1,
(nimble swimmer 1), tentacles
a: no special abilities


You were on level 1 of the Dungeon.
You visited 1 branch of the dungeon, and saw 2 of its levels.

You collected 76 gold pieces.

Inventory:

Missiles
 b - 3 throwing nets (quivered)
 c - a javelin
Armour
 a - a +0 hat (worn)
Jewellery
 j - an amulet of magic regeneration (around mantle)
Scrolls
 d - a scroll of identify
 f - a scroll of immolation
Potions
 e - 2 potions of curing {unknown}
 g - a potion of flight {unknown}
 h - a potion of haste {unknown}
 i - a potion of magic {unknown}


   Skills:
 - Level 2.0 Fighting
 - Level 2.0 Throwing
 - Level 3.0 Dodging
 + Level 4.6 Unarmed Combat


You had 2 spell levels left.
You didn't know any spells.
Your spell library contained the following spells:

 Spells                   Type           Power      Damage    Failure   Level
 Cigotuvi's Dreadful Rot  Necr/Pois/Air  0%         N/A       45%         2
 Ensorcelled Hibernation  Hex/Ice        0%         N/A       45%         2
 Passwall                 Tmut/Erth      0%         N/A       45%         2
 Poisonous Vapours        Pois/Air       0%         N/A       45%         2
 Mephitic Cloud           Conj/Pois/Air  0%         N/A       69%         3
 Swiftness                Air            0%         N/A       69%         3


Dungeon Overview and Level Annotations

Branches:
Dungeon (2/15)

Altars:

Annotations:
D:2 Robin


Innate Abilities, Weirdness & Mutations

You cannot wear most types of armour.
You are amphibious.
You can wear up to eight rings at the same time.
Your skin changes colour to match your surroundings (Stealth+).
Your rubbery body absorbs attacks. (AC +1, EV +1)
((You are camouflaged when in or above water. (Stealth+)))
You have tentacles for arms and can constrict up to eight enemies at once.


Message History

There is a stone staircase leading up here.
Unknown command.
The hobgoblin closely misses you.
Robin roars a battlecry!
The goblins go into a battle-frenzy!
You hear a shout!
You climb upwards.
There is a stone staircase leading down, spattered with blood here.
You tentacle-slap the hobgoblin but do no damage.
You grab the hobgoblin. Your squeeze misses the hobgoblin.
You constrict the hobgoblin. The hobgoblin hits you.
You tentacle-slap the hobgoblin. You squeeze the hobgoblin.
You kill the hobgoblin!
No target in view!
You start resting.
HP restored.
You climb downwards.
Level annotation: Robin The goblin shouts!
The kobold hits you with a +0 dagger.
A goblin comes into view. It is wielding a +0 dagger.
The goblin hits you with a +0 club. x2
Robin roars a battlecry!
The goblins go into a battle-frenzy!
Robin throws the goblin at you! The kobold barely misses you.
The goblin barely misses you. The goblin hits you with a +0 club.
The goblin barely misses you.
There is a stone staircase leading up here.
Unknown command.
The kobold barely misses you. The goblin hits you with a +0 dagger.
The goblin closely misses you. The goblin hits you with a +0 club!
* * * LOW HITPOINT WARNING * * *
Robin roars a battlecry!
You climb upwards.
There is a stone staircase leading down, spattered with blood here.
As you read the scroll labelled CEBAEMMAIG, it crumbles to dust.
It is a scroll of identify.
f - a scroll of immolation The goblin barely misses you.
The goblin hits you with a +0 dagger.
You die...

##.#......#....##..#####.#.##.###
#.###.............#####.#.##.#
#.###.####.......).........#.###
#..........>.....#.######......#
######.######.................###
.........#....................#
######.#.####.##..#.######.#..#
######.#.####.##gg#.######.#..#
.......#.#....##@K.......#.#..#
########.#.######g#.####.#.#..#
#.#.# #.#.####.#.#..# ## #.#.#
#.#.##...#.#..# .# #.#.#
#.#.##.###.#..# .# #.#.# #.#.##.#
#.#..# .# #.#.# #.#.##.# #....#
.# #.#†# #.#....# ###..# .# #.#.#
#.####.# ##.#


You could see 3 goblins and a kobold.

Vanquished Creatures
  A gnoll (D:1)
  A ball python (D:1)
  5 endoplasms (D:1)
  A giant cockroach (D:1)
  6 goblins (D:1)
  4 hobgoblins (D:1)
  3 jackals (D:1)
  8 bats (D:1)
  2 frilled lizards (D:1)
  3 kobolds (D:1)
  A rat (D:1)
35 creatures vanquished.

Notes
Turn   | Place    | Note
-------+----------+-------------------------------------------
     0 | D:1      | KleinerIrrer the Octopode Gladiator began the quest for the
                  | Orb.
     0 | D:1      | Reached XP level 1. HP: 14/14 MP: 1/1
    88 | D:1      | Reached XP level 2. HP: 19/19 MP: 2/2
   423 | D:1      | Reached skill level 4 in Unarmed Combat
   535 | D:1      | Reached XP level 3. HP: 19/24 MP: 3/3
  1215 | D:2      | Noticed Robin
  1284 | D:1      | Slain by a goblin

Illustrated notes

Levels and vault maps discovered:
D:1:      matt_arrival_refuge, layout_basic, hangedman_decor_push,
          roderic_lattice_a
D:2:      layout_rooms, kennysheep_generic_room_4, uniq_robin

Skill      XL: |  1  2 |
---------------+-------+-----
Unarmed Combat | 4 |  4.6
Fighting       | |  2.0
Throwing       | |  2.0
Dodging        | |  3.0

Action                     || total
---------------------------++-------
  Melee: Unarmed           ||    84
         Constrict         ||    22
         Tentacles         ||    12
         Punch             ||     2
    Use: Scroll            ||     1
   Stab: Sleeping          ||     4
 Armour: Skin              ||    11
  Dodge: Dodged            ||    77

Table legend: (Time is in decaauts)
 A = Elapsed time spent in this place.
 B = Non-inter-level travel time spent in this place.
 C = Inter-level travel time spent in this place.
 D = Time resting spent in this place.
 E = Time spent auto-exploring this place.
 F = Levels seen in this place.
 G = Mean time per level.
                   A        B        C        D        E       F      G
               +--------+--------+--------+--------+--------+-----+--------+
         Total |   1280 |   1268 |     12 |     50 |   1006 |   2 |  640.0 |
       Dungeon |   1280 |   1268 |     12 |     50 |   1006 |   2 |  640.0 |
               +--------+--------+--------+--------+--------+-----+--------+

Top non-repeatable levels by time:
     D:1: 1270 daAuts
     D:2: 10 daAuts
